 Dungeon Crawl Stone Soup version 0.18.1-2-ga659475 (webtiles) character file.

2373 Hipnos the Covert (level 9, -8/62 HPs)
             Began as an Octopode Assassin on May 8, 2016.
             Mangled by an orc warrior
             ... wielding a +0 trident
              (16 damage)
             ... on level 6 of the Dungeon.
             The game lasted 00:27:14 (7768 turns).

Hipnos the Covert (Octopode Assassin)               Turns: 7768, Time: 00:27:15

Health: -8/62      AC:  6    Str: 13    XL:     9   Next: 45%
Magic:  9/9        EV: 15    Int: 16    God:
Gold:   97         SH:  0    Dex: 13    Spells: 0 memorised, 8 levels left

rFire  + . .     SeeInvis .     a - +2 dagger
rCold  . . .     Gourm    +     (no shield)
rNeg   . . .     Faith    .     (helmet restricted)
rPois  .         Spirit   .     q - amulet of the gourmand
rElec  .         Dismiss  .     g - ring of protection from fire
rCorr  .         Reflect  .     m - ring of stealth
SustAt +         Harm     .     l - ring of protection from magic
MR     +....     Rnd*Rage +     v - ring of sustain attributes
Stlth  +++++++...               E - +3 ring of protection
                                (no ring)
                                (no ring)
                                (no ring)

@: exhausted, slowed, very slow, somewhat resistant to hostile enchantments,
extremely stealthy
A: almost no armour, amphibious, 8 rings, constrict 8, tentacle spike 1, yellow
scales 1, camouflage 1, berserk 1, clever 1, wild magic 1, gelatinous body 1
a: no special abilities


You were on level 6 of the Dungeon.
You were not hungry.

You visited 1 branch of the dungeon, and saw 7 of its levels.

You collected 422 gold pieces.
You spent 325 gold pieces at shops.

Inventory:

Hand Weapons
 a - a +2 dagger (weapon)
 b - a +0 blowgun
Missiles
 c - 22 poisoned needles
 d - a curare-tipped needle
Jewellery
 g - a ring of protection from fire (left tentacle)
 h - an uncursed amulet of guardian spirit {unknown}
 l - a ring of protection from magic (on tentacle)
 m - a ring of stealth (right tentacle)
 q - an amulet of the gourmand (around mantle)
 v - a ring of sustain attributes (on tentacle)
 E - a +3 ring of protection (on tentacle)
Wands
 o - a wand of lightning (7/15)
 r - a wand of slowing (24/48)
 A - a wand of disintegration (5/24)
 F - a wand of flame (33/48)
Scrolls
 e - 2 scrolls of enchant weapon
 i - 3 scrolls of remove curse
 j - 3 scrolls of immolation
 t - a scroll of recharging
 y - 2 scrolls of noise {unknown}
 G - a scroll of amnesia {unknown}
 H - a scroll of identify
Potions
 n - 4 potions of flight
 s - 2 potions of degeneration
 u - a potion of lignification {unknown}
 w - 2 potions of cure mutation
 x - 2 potions of haste {unknown}
 B - a potion of resistance {unknown}
 D - 2 potions of curing {unknown}
Comestibles
 f - 3 bread rations
 k - 4 fruits
 p - 4 meat rations
 z - a royal jelly
 C - a beef jerky


   Skills:
 * Level 5.7 Fighting
 + Level 3.3 Short Blades
 + Level 4.0 Throwing
 * Level 7.1 Dodging
 * Level 11.2 Stealth
 + Level 1.2 Evocations


You had 8 spell levels left.
You didn't know any spells.

Dungeon Overview and Level Annotations

Branches:
Dungeon (7/15)
 Temple: D:4-7

Altars:
Cheibriados
Elyvilon
Makhleb
Nemelex Xobeh
Pakellas
Xom
Yredelemnul

Shops:
D:5 *=}   D:6 ?[%


Innate Abilities, Weirdness & Mutations

You cannot wear most types of armour.
You are amphibious.
You can wear up to eight rings at the same time.
You can use your tentacles to constrict eight enemies at once.
Your skin changes colour to match your surroundings (Stealth).
Your rubbery body absorbs attacks (AC +1).
One of your tentacles bears a spike.
You are partially covered in yellow scales (AC +2).
You tend to lose your temper in combat.
Your mind is acute. (Int +2)
Your spells are a little harder to cast, but a little more powerful.


Message History

You hit the orc warrior but do no damage.
You constrict the orc warrior. The orc warrior closely misses you.
The orc warrior hits you with a trident!
You release your grip on the orc warrior.
The orc warrior closely misses you.
Things that are here:
an uncursed shortbow; 13 arrows The orc warrior hits you with a trident!
There is an escape hatch in the ceiling, spattered with blood here.
The orc warrior suddenly cheers, in orcish tradition.
The orc warrior hits you with a trident!!
* * * LOW HITPOINT WARNING * * *
A mysterious force pulls you upwards. The hatch slams shut behind you.
The orc warrior misses you.
The orc warrior hits you from afar with a trident!
* * * LOW HITPOINT WARNING * * *
The orc warrior hits you from afar with a trident.
* * * LOW HITPOINT WARNING * * *
The orc warrior hits you from afar with a trident!
You die...

#.........##....#.....#......#
####.###..##....#..........#..
#.# ##.#######.....#..#.#..
#.####...>...#.....#.....##
#.....######.#####.#..>....
#####.....##.### #.#.....##
##....##...# #.......##
#....###..# ###.......
#....@.o.## #.....##
##....#### #.....## #...##
#....... #(.(# #.....## #...#
####### #<..# #####


You could see an orc warrior.

Vanquished Creatures
  The ghost of Hipnos the Covert, an amateur OpAs (D:5)
  A hungry ghost (D:7)
  Menkaure (D:6)
  A black bear (D:6)
  An ice beast (D:4)
  5 ogres
  A sky beast (D:6)
  2 phantoms (D:6)
  2 centaurs
  A big kobold (D:7)
  2 giant frogs
  3 scorpions
  A water moccasin skeleton (D:7)
  An electric eel (D:7)
  A crimson imp (D:6)
  An orc priest (D:4)
  3 orc wizards
  An iguana (D:4)
  A giant frog skeleton (D:3)
  A centaur skeleton (D:7)
  4 worker ants
  A killer bee zombie (D:5)
  A worker ant zombie (D:7)
  A howler monkey zombie (D:6)
  9 adders
  3 oozes
  2 worms
  A dart slug (D:1)
  2 giant geckos
  16 orcs
  3 bats
  9 giant cockroaches
  4 goblins
  2 hobgoblins (D:3)
  7 jackals
  4 quokkas
  3 ball pythons
  6 giant newts
  2 jackal skeletons
  14 kobolds
  A quokka skeleton (D:6)
  2 rats (D:1)
128 creatures vanquished.

Vanquished Creatures (others)
  A hound (D:7)
  An iguana (D:7)
  A worker ant (D:7)
  A giant cockroach (D:7)
4 creatures vanquished.

Grand Total: 132 creatures vanquished

Notes
Turn   | Place    | Note
--------------------------------------------------------------
     0 | D:1      | Hipnos the Octopode Assassin began the quest for the Orb.
     0 | D:1      | Reached XP level 1. HP: 14/14 MP: 1/1
   244 | D:1      | Reached XP level 2. HP: 19/19 MP: 2/2
   672 | D:2      | Found a shimmering altar of Xom.
   707 | D:2      | Reached skill level 6 in Stealth
   782 | D:2      | Reached XP level 3. HP: 24/25 MP: 3/3
   818 | D:2      | Found a sparkling altar of Nemelex Xobeh.
  1145 | D:2      | Reached XP level 4. HP: 21/30 MP: 4/4
  1279 | D:3      | Reached skill level 7 in Stealth
  1613 | D:3      | Reached XP level 5. HP: 31/35 MP: 5/5
  1752 | D:3      | Found a burning altar of Makhleb.
  1807 | D:4      | Found an oddly glowing altar of Pakellas.
  1817 | D:4      | Found a basalt altar of Yredelemnul.
  1931 | D:4      | Noticed an ogre
  1947 | D:4      | HP: 1/35 [ogre/giant spiked club (7)]
  2318 | D:4      | Killed an ogre
  2318 | D:4      | Reached skill level 8 in Stealth
  2318 | D:4      | Reached XP level 6. HP: 19/41 MP: 6/6
  2626 | D:4      | Reached skill level 9 in Stealth
  3068 | D:5      | Entered Level 5 of the Dungeon
  3241 | D:5      | Found a snail-covered altar of Cheibriados.
  3292 | D:5      | Found Aryeve's Assorted Antiques.
  3297 | D:5      | Reached XP level 7. HP: 22/46 MP: 7/7
  3543 | D:5      | Noticed Hipnos's ghost (amateur OpAs)
  4068 | D:5      | Found Hideng's Jewellery Shop.
  4114 | D:5      | Found a white marble altar of Elyvilon.
  4157 | D:5      | Found Pumaum's Gadget Shoppe.
  4823 | D:5      | Killed Hipnos's ghost
  4823 | D:5      | Reached skill level 10 in Stealth
  4823 | D:5      | Reached XP level 8. HP: 8/54 MP: 8/8
  5394 | D:5      | Bought a +3 ring of protection for 273 gold pieces
  5848 | D:3      | Reached skill level 1 in Evocations
  6188 | D:6      | Found Cebam's Magic Scroll Shoppe.
  6206 | D:6      | Found a shimmering altar of Xom.
  6221 | D:6      | Noticed Edmund
  6234 | D:6      | Reached skill level 5 in Dodging
  6245 | D:6      | Bought a scroll of identify for 26 gold pieces
  6245 | D:6      | Bought a scroll of identify for 26 gold pieces
  6248 | D:6      | Gained mutation: You are partially covered in yellow scales (AC +2). [potion of mutation]
  6248 | D:6      | Gained mutation: You tend to lose your temper in combat. [potion of mutation]
  6248 | D:6      | Gained mutation: Your mind is acute. (Int +2) [potion of mutation]
  6249 | D:6      | Gained mutation: Your spells are a little harder to cast, but a little more powerful. [potion of mutation]
  6249 | D:6      | Gained mutation: One of your tentacles bears a spike. [potion of mutation]
  6688 | D:6      | Reached skill level 5 in Fighting
  6721 | D:6      | Reached XP level 9. HP: 61/61 MP: 9/9
  6771 | D:6      | Found Nevesing's Antique Armour Boutique.
  6793 | D:6      | Noticed Menkaure
  6809 | D:6      | Killed Menkaure
  6812 | D:6      | Reached skill level 11 in Stealth
  6865 | D:6      | Found Uruth's Food Shop.
  7333 | D:7      | Found a shimmering altar of Xom.
  7359 | D:7      | HP: 1/62 [electric eel/bolt of electricity (7)]
  7768 | D:6      | Mangled by an orc warrior

Skill      XL: |  1  2  3  4  5  6  7  8  9 |
---------------+----------------------------+-----
Stealth        | 6 7 8 9 10 11 | 11.2
Dodging        | 2 4 5 7 |  7.1
Fighting       | 3 5 |  5.7
Throwing       | 3 4 |  4.0
Evocations     | 1 |  1.2
Short Blades   | 3 |  3.3

Action                   |  1- 3 |  4- 6 |  7- 9 || total
-------------------------+-------+-------+-------++-------
Melee: Dagger            |    42 |    67 |   317 ||   426
       Constrict         |     6 |     9 |    28 ||    43
       Tentacles         |     3 |    11 |    65 ||    79
       Kick              |       |       |    54 ||    54
 Fire: Blowgun           |       |    32 |    14 ||    46
Evoke: Wand              |       |       |     6 ||     6
  Use: Scroll            |     3 |     5 |     3 ||    11
       Potion            |       |       |     2 ||     2
 Stab: Sleeping          |    16 |    21 |    11 ||    48
  Eat: Chunk             |     6 |     6 |    20 ||    32
       Pizza             |       |       |     1 ||     1
Armor: Skin              |     2 |     5 |    45 ||    52
Dodge: Dodged            |    19 |    29 |   192 ||   240
